 Dungeon Crawl Stone Soup version 0.14.0-12-g87ee3b7 (webtiles) character file.

295996 HungrySpirit the Formicid Blade (level 21, -6/177 HPs)
             Began as a Formicid Fighter on Apr 16, 2014.
             Was the Champion of Okawaru.
             Mangled by Mennas
             ... wielding a +1,+2 blessed long sword of holy wrath
              (20 damage)
             ... on Level 4 of the Vaults.
             The game lasted 03:15:15 (50666 turns).

HungrySpirit the Formicid Blade (Formicid Fighter) Turns: 50666, Time: 03:15:15

HP  -6/177       AC 29     Str 38      XL: 21   Next: 67%
MP  29/29        EV 18     Int 13      God: Okawaru [******]
Gold 4236        SH 33     Dex 17      Spells:  0 memorised, 20 levels left

rFire  + + .     SeeInvis +     N - +8,+6 claymore (elec)
rCold  . . .     Clarity  .     G - +7 plate armour of the Scribe {rElec rF+}
rNeg   + . .     Conserve +     Y - +0 shield {reflect}
rPois  +         rCorr    +     (helmet unavailable)
rElec  +         rRot     .     a - +1 cloak {rCorr, Cons}
SustAb . .       Spirit   .     s - +0 pair of gloves {Str+3}
rMut   .         Warding  +     K - +0 pair of boots {run}
Saprov . . .     Stasis   +     M - amulet "Umaduoxu" {Ward +Inv rPois rF+ Stlth++}
MR     ++...                    u - +5 ring of evasion
                                r - +5,+6 ring of slaying

@: mighty, agile, glowing, quick, very resistant to hostile enchantments,
extremely unstealthy
A: permanent stasis, dig shafts and tunnels, four strong arms, antennae 3, thin
skeletal structure 1, clever 1, strong 1
a: Dig, Shaft Self, Evoke Invisibility
}: 2/15 runes: decaying, gossamer


You were on level 4 of the Vaults.
You worshipped Okawaru.
Okawaru was exalted by your worship.
You were full.

You visited 7 branches of the dungeon, and saw 42 of its levels.
You visited the Abyss 1 time.

You collected 4390 gold pieces.
You spent 154 gold pieces at shops.

Inventory:

Hand weapons
 q - a +2,+0 claymore of holy wrath
 t - the +4,+10 scimitar of the Many Gods {drain, rC+}
   (You found it on level 8 of the Lair of Beasts)

   A truly terrible weapon, it drains the life of those it strikes.
   It protects you from cold.
 B - a +0,+0 great sword of flaming
 N - a +8,+6 claymore of electrocution (weapon)
Armour
 a - a +1 cloak of preservation (worn)
 s - a +0 pair of gloves of strength (worn)
 A - a +2 fire dragon armour
 G - the +7 plate armour of the Scribe (worn) {rElec rF+}
   (You took it off an orc priest on level 11 of the Dungeon)

   It protects you from fire.
   It insulates you from electricity.
 K - a +0 pair of boots of running (worn)
 U - a +2 pair of boots of flying
 Y - a +0 shield of reflection (worn)
Magical devices
 m - a wand of frost (11)
 v - a wand of cold (3)
 y - a wand of digging (7)
 I - a wand of lightning (5)
 P - a wand of fire (2)
 Q - a wand of hasting (3)
 S - a wand of hasting (4)
 T - a wand of teleportation (0)
Comestibles
 d - 26 bread rations
 i - a royal jelly
Scrolls
 h - 4 scrolls of fog
 l - 18 scrolls of remove curse
 n - 6 scrolls of fear
 L - a scroll of vulnerability
 O - 15 scrolls of identify
 X - 2 scrolls of recharging
Jewellery
 b - a +4 ring of protection
 g - an uncursed amulet of guardian spirit
 p - an uncursed ring of protection from magic
 r - a +5,+6 ring of slaying (left hand)
 u - a +5 ring of evasion (right hand)
 x - an uncursed ring of fire
 F - an uncursed amulet of resist corrosion {unknown}
 J - an uncursed ring of ice
 M - the amulet "Umaduoxu" (around neck) {Ward +Inv rPois rF+ Stlth++}
   (You found it on level 2 of the Swamp)

   [amulet of warding]

   It protects you from fire.
   It protects you from poison.
   It lets you turn invisible.
   It makes you much more stealthy.
 W - an uncursed ring of protection from fire
 Z - an uncursed amulet of resist corrosion {unknown}
Potions
 c - 4 potions of lignification
 f - 14 potions of curing
 j - a potion of cure mutation
 k - 8 potions of heal wounds
 o - 3 potions of resistance
 w - 4 potions of invisibility
 C - a potion of agility
 D - 2 potions of mutation
 E - 3 potions of magic
 H - 3 potions of might
 R - a potion of restore abilities
Miscellaneous
 e - a stone of tremors
 V - a stone of tremors


   Skills:
 + Level 18.2 Fighting
 * Level 24.5 Long Blades
 + Level 14.2 Armour
 - Level 15.1 Shields
 - Level 4.0 Invocations


You had 20 spell levels left.
You didn't know any spells.

Dungeon Overview and Level Annotations

Branches:
Dungeon (15/15)            Temple (1/1) D:5             Orc (4/4) D:12
    Elf (0/3) Orc:4          Lair (8/8) D:11          Swamp (5/5) Lair:6
 Spider (5/5) Lair:3        Slime (0/6) Lair:7       Vaults (4/5) D:14
 Depths (0/5) D:15
  Blade: Vaults:3-4   Crypt: Vaults:2-3

Altars:
Ashenzari
Cheibriados
Dithmenos
Elyvilon
Fedhas
Kikubaaqudgha
Makhleb
Nemelex Xobeh
Okawaru
Sif Muna
Trog
Vehumet
Xom
Yredelemnul
Zin
The Shining One
Jiyva

Shops:
D:4 [   D:9 *   Orc:3 %}[[   Orc:4 [!*   Vaults:1 (

Portals:
Trove: D:10 (give +3 fire dragon armour)

Annotations:
D:4 HungrySpirit's ghost, average FoFi
D:7 Vidiiot's ghost, experienced GrHu
Swamp:5 Lernaean hydra
Spider:2 exclusion: Roxanne, Roxanne
Vaults:4 Mennas


Innate Abilities, Weirdness & Mutations

Your are under a permanent stasis effect.
You can dig through walls and to a lower floor.
Your four strong arms can wield two-handed weapons with a shield.
You have a pair of large antennae on your head (SInv).
You have a somewhat thin skeletal structure (Dex +2, Stealth).
Your mind is acute. (Int +2)
Your muscles are strong. (Str +2)


Message History

The ogre closely misses you.
Mennas hits you with a blessed long sword of holy wrath!
Mennas hits you but does no damage. Mennas blocks your attack.
Mennas is severely wounded.
The ogre hits you but does no damage. Mennas barely misses you.
Mennas closely misses you.
You slice the ogre!!
There is a sudden explosion of sparks!
You kill the ogre!
Okawaru accepts your kill.
Mennas hits you with a blessed long sword of holy wrath!
* * * LOW HITPOINT WARNING * * *
Mennas hits you but does no damage.
Ouch! Mennas hits you but does no damage. Mennas hits you but does no damage.
Ouch! You feel less confused.
Mennas hits you with a blessed long sword of holy wrath!
* * * LOW HITPOINT WARNING * * *
Mennas hits you with a blessed long sword of holy wrath!
You die...

######....# { ......#.
.....#....# .O.....#.#
.....'....# ........'.#
.....#....# .........#.#
.>...#....# .........#.#
.....#....# ..{......#.###+####.
.....#....#..........#.........T.
.....#....#########'##...........
.....#..........@)...............
##'###.......###A#####...........
....'........#.......#...........
#...#........#.......#....)......
....#........#.......#...........
..#.#........#....<..#...........
....#........#.......#...........
#...#........#.......#...........
....#........#########...........


You could see Mennas.

Vanquished Creatures
  Mara (Spider:3)
  Arachne (Spider:2)
  Asterion (Vaults:2)
  A titan (Vaults:4)
  Rupert (Lair:6)
  2 thorn hunters
  3 sphinxes
  Kirke (Swamp:3)
  A shadow dragon (Vaults:4)
  2 fire giants (Vaults:3)
  Maud (Lair:7)
  A deep elf sorcerer (Vaults:3)
  Donald (Vaults:1)
  3 frost giants
  Aizul (Vaults:2)
  5 emperor scorpions
  Louise (D:15)
  2 ghost moths (Spider:5)
  Gastronok (Orc:4)
  A deep elf demonologist (Abyss:2)
  12 vault wardens
  6 stone giants
  2 war gargoyles
  3 rakshasas (Vaults:2)
  A deep elf annihilator (Vaults:3)
  Snorg (Lair:5)
  A dire elephant (D:15)
  An ettin (Vaults:2)
  A deep elf death mage (Vaults:3)
  2 great orbs of eyes
  14 ironheart preservers
  A fire dragon (Vaults:2)
  7 yaktaur captains
  A shambling mangrove (Swamp:5)
  A deep troll shaman (Vaults:4)
  15 death yaks
  A ravenous item mimic (Lair:7)
  Fannar (Orc:4)
  A vault guard (Vaults:2)
  2 thrashing horrors (Abyss:2)
  An ice dragon (Vaults:3)
  16 hydras
  5 centaur warriors
  A spectral elf (Vaults:3)
  17 ogre magi
  3 orc high priests (Orc:4)
  9 alligators
  Nergalle (Lair:7)
  4 catoblepae
  2 tengu warriors
  A wretched star (Abyss:2)
  3 deep trolls (Vaults:4)
  3 unseen horrors
  2 large abominations (Abyss:2)
  5 hill giants
  A spriggan druid (Swamp:4)
  4 fire crabs
  Erolcha (D:11)
  A death drake (shapeshifter) (Vaults:3)
  9 swamp dragons
  3 necromancers
  19 orb spiders
  3 very ugly things
  A sphinx zombie (Vaults:3)
  2 wizards (Vaults:2)
  Joseph (D:11)
  25 wolf spiders
  A wolf spider zombie (D:15)
  A frost giant zombie (Vaults:3)
  10 ironbrand convokers
  A tengu skeleton (Vaults:3)
  2 griffons
  8 cyclopes
  8 orc sorcerers
  A phantasmal warrior (Vaults:2)
  An iron troll (Vaults:3)
  4 red wasps
  A manticore (D:15)
  Maurice (D:8)
  5 black mambas
  17 spiny frogs
  19 orc knights
  6 smoke demons (Abyss:2)
  A gargoyle (D:12)
  A human skeleton (Vaults:3)
  A moth of wrath (Spider:5)
  A salamander (D:15)
  A salamander (shapeshifter) (D:14)
  2 red wasps (shapeshifter)
  10 demonic crawlers
  A feature mimic (Orc:4)
  A draconian (shapeshifter) (D:13)
  3 fire drakes
  3 kobold demonologists (Vaults:3)
  8 komodo dragons
  41 yaktaurs
  6 giant fireflies
  11 vault sentinels
  Grinder (D:6)
  An ancient zyme (Abyss:2)
  A fire drake (shapeshifter) (Vaults:1)
  A tengu conjurer (D:15)
  2 giant fireflies (shapeshifter)
  6 freezing wraiths
  An elf (shapeshifter) (Vaults:2)
  4 deep elf priests
  A centaur skeleton (D:15)
  4 boggarts (D:14)
  7 giant leeches
  A raiju (shapeshifter) (Vaults:4)
  26 two-headed ogres
  14 blink frogs
  An ettin zombie (Vaults:3)
  11 baby alligators
  A stone giant simulacrum (Abyss:2)
  3 bog bodies
  A fire giant simulacrum (Vaults:3)
  10 ravens
  3 boulder beetles
  7 trolls
  A griffon zombie (D:14)
  A basilisk (shapeshifter) (D:14)
  6 thorn lotuses
  4 basilisks
  A shadow (D:13)
  58 yaks
  2 wyverns
  21 jumping spiders
  A polar bear (shapeshifter) (Vaults:4)
  2 vampires
  41 slime creatures
  30 trapdoor spiders
  5 hungry ghosts
  2 elephant slugs (Lair:6)
  45 redbacks
  34 vampire mosquitoes
  A water elemental (D:14)
  54 ugly things
  A tarantella (shapeshifter) (Vaults:3)
  A hog (Swamp:3)
  6 spriggans
  6 deep elf magi
  A hill giant zombie (D:12)
  3 sharks
  A neqoxec (Abyss:2)
  34 tarantellas
  7 hippogriffs
  7 deep elf fighters
  An ogre zombie (D:15)
  20 wolves
  9 porcupines
  4 small abominations
  33 swamp worms
  2 mottled dragons
  A soldier ant (shapeshifter) (Vaults:1)
  21 water moccasins
  2 ice beasts
  2 necrophages
  4 sky beasts
  45 spiders
  An ettin simulacrum (Vaults:3)
  3 black bears
  11 swamp drakes
  A phantom (D:7)
  32 orc warriors
  64 ogres
  13 centaurs
  17 crocodiles
  6 giant goldfish
  6 wargs
  4 big kobolds
  A boring beetle (Lair:3)
  2 human zombies (Vaults:2)
  12 giant slugs
  A glowing shapeshifter simulacrum (Vaults:1)
  A wyvern zombie (D:12)
  Blork the orc (D:4)
  18 giant frogs
  A boring beetle (shapeshifter) (Vaults:1)
  8 insubstantial wisps
  A warg zombie (Vaults:3)
  10 scorpions
  A cyclops skeleton (D:13)
  An eye of draining (D:12)
  18 killer bees
  A yak skeleton (Orc:4)
  5 electric eels
  A hippogriff skeleton (D:8)
  5 crimson imps
  4 wights (D:11)
  25 orc priests
  8 big fish
  A black bear zombie (D:6)
  5 jellies
  8 starcursed masses (Abyss:2)
  A centaur zombie (D:5)
  6 goliath beetles
  A two-headed ogre zombie (Vaults:2)
  2 elf zombies (Vaults:2)
  7 hounds
  A gnoll shaman (D:8)
  2 human simulacra
  32 orc wizards
  A quasit (D:8)
  5 sheep
  7 iguanas
  10 worker ants
  2 ogre skeletons
  A mummy (D:8)
  A hound zombie (D:11)
  2 worker ant zombies
  A scorpion zombie (D:7)
  17 adders
  16 gnolls
  52 green rats
  2 orc skeletons
  8 shadow imps
  5 giant mites
  21 worms
  An orc zombie (D:8)
  An adder skeleton (D:4)
  A giant eyeball (Abyss:2)
  An ooze (D:1)
  161 orcs
  2 ball pythons (D:2)
  23 bats
  11 hobgoblins
  41 jackals
  7 quokkas
  9 giant cockroaches
  10 giant geckos
  2 giant gecko skeletons
  9 giant newts
  22 goblins
  2 goblin zombies
  2 hobgoblin skeletons
  37 kobolds
  A kobold skeleton (D:6)
  3 kobold zombies
  A quokka skeleton (D:6)
  A quokka zombie (D:6)
  24 rats
  5 rat skeletons
  A rat zombie (D:5)
  A spectral orc (Lair:7)
  A briar patch (Swamp:3)
  2 crawling corpses (Vaults:3)
  A plant (Swamp:3)
1935 creatures vanquished.

Vanquished Creatures (collateral kills)
  A slime creature (Swamp:2)
1 creature vanquished.

Vanquished Creatures (others)
  A ghost moth (Spider:5)
  Erica (Orc:4)
  A centaur warrior (Vaults:1)
  A human (Swamp:3)
  A big kobold (Vaults:3)
  An orc (D:13)
  A kobold (Vaults:3)
  4 rat skeletons (Orc:4)
  2 fungi (Lair:7)
  4 plants
17 creatures vanquished.

Grand Total: 1953 creatures vanquished

Notes
Turn   | Place    | Note
--------------------------------------------------------------
     0 | D:1      | HungrySpirit, the Formicid Fighter, began the quest for the Orb.
     0 | D:1      | Reached XP level 1. HP: 18/18 MP: 1/1
   144 | D:1      | Reached XP level 2. HP: 18/24 MP: 3/3
   848 | D:2      | Reached XP level 3. HP: 24/29 MP: 4/4
  1272 | D:2      | Reached skill level 4 in Long Blades
  1272 | D:2      | Reached XP level 4. HP: 28/35 MP: 5/5
  1859 | D:3      | Reached XP level 5. HP: 16/41 MP: 7/7
  2219 | D:3      | Reached skill level 5 in Long Blades
  2283 | D:3      | Found a bloodstained altar of Trog.
  2888 | D:4      | Noticed an ogre
  3028 | D:4      | Found a shimmering altar of Xom.
  3029 | D:4      | Found a glowing silver altar of Zin.
  3029 | D:4      | Noticed an angel
  3163 | D:4      | Found Mimm's Antique Armour Emporium.
  3178 | D:4      | Noticed HungrySpirit's ghost (average FoFi)
  3328 | D:4      | Noticed Blork the orc
  3336 | D:4      | Killed Blork the orc
  3336 | D:4      | Reached skill level 6 in Long Blades
  3336 | D:4      | Reached XP level 6. HP: 47/47 MP: 8/8
  3400 | D:4      | Noticed a centaur
  3411 | D:4      | Killed a centaur
  3413 | D:4      | Noticed a sky beast
  3447 | D:4      | Killed a sky beast
  3447 | D:4      | Reached skill level 7 in Long Blades
  3447 | D:4      | Reached XP level 7. HP: 52/52 MP: 9/9
  3505 | D:4      | Noticed a sky beast
  3514 | D:4      | Killed a sky beast
  3709 | D:4      | Noticed an ogre
  3734 | D:4      | Killed an ogre
  3734 | D:4      | Reached skill level 8 in Long Blades
  4257 | D:5      | Entered Level 5 of the Dungeon
  4279 | D:4      | Got a steaming scale mail
  4280 | D:4      | Identified the +6 scale mail of Night {rF+ Dam-5} (You found it on level 4 of the Dungeon)
  4485 | D:4      | Reached XP level 8. HP: 52/58 MP: 9/11
  4872 | D:5      | Reached skill level 9 in Long Blades
  5189 | D:5      | Reached skill level 5 in Fighting
  5457 | D:5      | Found a staircase to the Ecumenical Temple.
  5477 | Temple   | Entered the Ecumenical Temple
  5633 | Temple   | Became a worshipper of Warmaster Okawaru
  6084 | D:6      | Reached XP level 9. HP: 62/68 MP: 10/12
  6129 | D:6      | Noticed Grinder
  6146 | D:6      | Killed Grinder
  6146 | D:6      | Reached skill level 10 in Long Blades
  7336 | D:7      | Acquired Okawaru's first power
  7336 | D:7      | Reached skill level 11 in Long Blades
  7503 | D:7      | Noticed Vidiiot's ghost (experienced GrHu)
  8066 | D:8      | Reached XP level 10. HP: 75/79 MP: 13/13
  8105 | D:8      | Reached skill level 5 in Shields
  8253 | D:8      | Noticed Maurice
  8269 | D:8      | Killed Maurice
  8276 | D:8      | Noticed an unseen horror
  8289 | D:8      | Killed an unseen horror
  8289 | D:8      | Reached skill level 12 in Long Blades
  8762 | D:8      | Found a white marble altar of Elyvilon.
  9234 | D:9      | Found a bloodstained altar of Trog.
  9239 | D:9      | Reached XP level 11. HP: 81/87 MP: 15/15
  9320 | D:9      | Identified a +0 pair of boots of running (You found it on level 9 of the Dungeon)
  9478 | D:9      | Found Mnuimois' Assorted Antiques.
  9485 | D:9      | Bought a scroll labeled STAMESCH WEOV for 24 gold pieces
 10007 | D:10     | Entered Level 10 of the Dungeon
 10046 | D:10     | Noticed a seven-headed hydra
 10062 | D:9      | Identified a scroll of acquirement
 10220 | D:10     | Reached skill level 13 in Long Blades
 10328 | D:10     | Noticed a cyclops
 10328 | D:10     | Noticed a wizard
 10330 | D:10     | Noticed a six-headed hydra
 10549 | D:10     | Found a portal to a secret trove of treasure.
 10648 | D:10     | Noticed a cyclops
 10954 | D:10     | Killed a seven-headed hydra
 11001 | D:11     | Acquired Okawaru's second power
 11069 | D:11     | Reached skill level 14 in Long Blades
 11092 | D:11     | Found a staircase to the Lair.
 11142 | D:11     | Reached XP level 12. HP: 65/95 MP: 11/16
 11221 | D:11     | Gained mutation: You have a somewhat thin skeletal structure (Dex +2, Stealth). [potion of mutation]
 11221 | D:11     | Gained mutation: Your muscles are strong. (Str +2) [potion of mutation]
 11319 | D:11     | Noticed a hill giant
 11327 | D:11     | Killed a hill giant
 11327 | D:11     | Received a gift from Okawaru
 11529 | D:11     | Noticed Joseph
 11548 | D:11     | Killed Joseph
 11593 | D:11     | Reached skill level 10 in Shields
 11607 | D:11     | Got a dazzling plate armour
 11721 | D:11     | Identified the +7 plate armour of the Scribe {rElec rF+} (You took it off an orc priest on level 11 of the Dungeon)
 11768 | D:11     | Noticed Erolcha
 11790 | D:11     | Killed Erolcha
 11837 | D:11     | Reached skill level 15 in Long Blades
 11910 | D:11     | Reached skill level 1 in Invocations
 11988 | D:11     | Noticed an unseen horror
 11995 | D:11     | Killed an unseen horror
 12042 | Lair:1   | Entered Level 1 of the Lair of Beasts
 12677 | Lair:1   | Noticed a five-headed hydra
 12687 | Lair:1   | Killed a five-headed hydra
 13058 | Lair:1   | Noticed a seven-headed hydra
 13085 | Lair:2   | Noticed a five-headed hydra
 13139 | Lair:2   | Noticed a six-headed hydra
 13287 | Lair:2   | You fall through a shaft for 2 floors!
 13523 | Lair:4   | Received a gift from Okawaru
 13652 | Lair:3   | Reached XP level 13. HP: 101/101 MP: 22/22
 13986 | Lair:3   | Found a hole to the Spider Nest.
 14815 | Lair:5   | Reached skill level 16 in Long Blades
 15042 | Lair:5   | Noticed Snorg
 15053 | Lair:5   | Killed Snorg
 15638 | Lair:6   | Reached skill level 10 in Fighting
 15792 | Lair:6   | Noticed Rupert
 15814 | Lair:6   | Killed Rupert
 16186 | Lair:6   | Received a gift from Okawaru
 16549 | Lair:6   | Found a staircase to the Swamp.
 17552 | Lair:7   | Noticed Maud
 17568 | Lair:7   | Killed Maud
 17573 | Lair:7   | Reached XP level 14. HP: 52/111 MP: 11/23
 18107 | Lair:7   | Reached skill level 17 in Long Blades
 18296 | Lair:7   | Found a staircase to the Slime Pits.
 18296 | Lair:7   | Found a viscous altar of Jiyva.
 18380 | Lair:7   | Noticed Nergalle
 18391 | Lair:8   | Entered Level 8 of the Lair of Beasts
 18770 | Lair:7   | Killed Nergalle
 19208 | Lair:8   | Received a gift from Okawaru
 19215 | Lair:8   | Identified a +1 cloak of preservation (Okawaru gifted it to you on level 8 of the Lair of Beasts)
 19362 | Lair:8   | Got a dazzling scimitar
 19363 | Lair:8   | Identified the +4,+10 scimitar of the Many Gods {drain, rC+} (You found it on level 8 of the Lair of Beasts)
 19809 | Lair:8   | Reached skill level 18 in Long Blades
 19908 | Lair:8   | Got a shimmering cloak
 19912 | Lair:8   | Identified the +1 cloak of Immorality {Str+3 Dex+4 Dam+4} (You found it on level 8 of the Lair of Beasts)
 20625 | D:12     | Found a staircase to the Orcish Mines.
 20857 | D:12     | Gained mutation: Your mind is acute. (Int +2) [potion of beneficial mutation]
 20870 | D:12     | Reached XP level 15. HP: 118/120 MP: 24/24
 21156 | Orc:1    | Entered Level 1 of the Orcish Mines
 21514 | Orc:2    | Found an iron altar of Okawaru.
 22181 | Orc:3    | Found Lableaff's Armour Shop.
 22357 | Orc:3    | Found Uterakhloti's Armour Shoppe.
 22391 | Orc:3    | Found Feedah's Gadget Boutique.
 22782 | Orc:3    | Found Tirent's Food Shoppe.
 22892 | Orc:4    | Entered Level 4 of the Orcish Mines
 22929 | Orc:4    | Noticed Erica
 22938 | Orc:4    | Killed Erica
 23348 | Orc:4    | Found a bloodstained altar of Trog.
 23351 | Orc:4    | Noticed Gastronok
 23365 | Orc:4    | Killed Gastronok
 23365 | Orc:4    | Received a gift from Okawaru
 23423 | Orc:4    | Found a staircase to the Elven Halls.
 23512 | Orc:4    | Noticed Fannar
 23528 | Orc:4    | Killed Fannar
 24097 | Orc:4    | Found Schasheo's Armour Shoppe.
 24098 | Orc:4    | Found Diokas' Antique Weapon Boutique.
 24099 | Orc:4    | Found Mnudwitir's Distillery.
 24100 | Orc:4    | Found Huiniby's General Store.
 24101 | Orc:4    | Diokas' Antique Weapon Boutique was a mimic.
 25176 | D:14     | Received a gift from Okawaru
 25646 | D:14     | Found a gate to the Vaults.
 25898 | D:15     | Entered Level 15 of the Dungeon
 25946 | D:15     | Reached skill level 19 in Long Blades
 25964 | D:15     | Found a staircase to the Depths.
 26325 | D:15     | Reached skill level 15 in Shields
 26408 | D:15     | Got a shimmering golden amulet
 26420 | D:15     | Identified the amulet "Laoxesh" {Cons rF-} (You found it on level 15 of the Dungeon)
 26507 | D:15     | Reached XP level 16. HP: 127/131 MP: 25/25
 26582 | D:15     | Noticed Louise
 26613 | D:15     | Killed Louise
 27195 | Lair:1   | Killed a seven-headed hydra
 27557 | Spider:1 | Entered Level 1 of the Spider Nest
 27987 | Spider:1 | Received a gift from Okawaru
 28956 | Spider:2 | Noticed Arachne
 28972 | Spider:2 | Killed Arachne
 29336 | Spider:2 | Reached skill level 5 in Armour
 29913 | Spider:2 | Noticed Roxanne
 30173 | Spider:3 | Received a gift from Okawaru
 30229 | Spider:3 | Got a faintly glowing demon blade {god gift}
 30231 | Spider:3 | Identified the +11,+7 demon blade "Eroila" {venom, SInv} (Okawaru gifted it to you on level 3 of the Spider Nest)
 30352 | Spider:3 | Reached skill level 20 in Long Blades
 30508 | Spider:3 | Noticed Mara
 30527 | Spider:3 | Killed Mara
 30534 | Spider:3 | Noticed HungrySpirit's illusion
 31998 | Spider:3 | Noticed HungrySpirit's illusion
 32575 | Swamp:1  | Entered Level 1 of the Swamp
 32583 | Swamp:1  | Received a gift from Okawaru
 32685 | Swamp:1  | Reached XP level 17. HP: 113/139 MP: 23/26
 33964 | Swamp:2  | Got a vibrating amethyst amulet
 33965 | Swamp:2  | Identified the amulet "Umaduoxu" {Ward +Inv rPois rF+ Stlth++} (You found it on level 2 of the Swamp)
 34937 | Swamp:3  | Noticed Kirke
 34940 | Swamp:3  | Noticed a sphinx
 34950 | Swamp:3  | Killed Kirke
 35531 | Swamp:3  | Received a gift from Okawaru
 35677 | Swamp:4  | Reached skill level 15 in Fighting
 35996 | Swamp:4  | Reached skill level 21 in Long Blades
 36573 | Swamp:5  | Entered Level 5 of the Swamp
 37002 | Swamp:5  | Reached XP level 18. HP: 119/149 MP: 27/27
 37492 | Swamp:5  | Received a gift from Okawaru
 37541 | Swamp:5  | Noticed the 27-headed Lernaean hydra
 37953 | Swamp:5  | Got a decaying rune of Zot
 38277 | Spider:3 | Noticed HungrySpirit's illusion
 39159 | Spider:5 | Entered Level 5 of the Spider Nest
 39840 | Spider:5 | Reached skill level 10 in Armour
 39931 | Spider:5 | Received a gift from Okawaru
 40329 | Spider:5 | Reached skill level 22 in Long Blades
 40665 | Spider:5 | Got a gossamer rune of Zot
 40690 | Spider:5 | Reached XP level 19. HP: 118/157 MP: 17/27
 41093 | Vaults:1 | Entered Level 1 of the Vaults
 42049 | Vaults:1 | Received a gift from Okawaru
 42257 | Vaults:1 | Noticed Donald
 42262 | Vaults:1 | Killed Donald
 42504 | Vaults:1 | Found Iruilokh's Weapon Shop.
 43295 | Vaults:2 | Found a staircase to the Crypt.
 43295 | Vaults:2 | Found an ancient bone altar of Kikubaaqudgha.
 43296 | Vaults:2 | Found a basalt altar of Yredelemnul.
 44222 | Vaults:2 | Received a gift from Okawaru
 44551 | Vaults:2 | Noticed Aizul
 44560 | Vaults:2 | Reached skill level 23 in Long Blades
 44574 | Vaults:2 | Killed Aizul
 44596 | Vaults:2 | Reached XP level 20. HP: 72/167 MP: 28/28
 44623 | Vaults:2 | Received a gift from Okawaru
 44625 | Vaults:2 | Noticed Asterion
 44641 | Vaults:2 | Killed Asterion
 45081 | Vaults:2 | Received a gift from Okawaru
 45901 | Orc:4    | Bought 3 scrolls of enchant weapon I for 105 gold pieces
 45901 | Orc:4    | Bought a potion of might for 25 gold pieces
 46976 | Vaults:3 | Received a gift from Okawaru
 47131 | Vaults:3 | Cast into the Abyss (deep elf sorcerer)
 47172 | Abyss:2  | Found a corrupted altar of Lugonu.
 47985 | Abyss:2  | Noticed a Brimstone Fiend
 48097 | Vaults:3 | Escaped the Abyss
 48285 | Vaults:3 | Reached XP level 21. HP: 69/176 MP: 29/29
 48651 | Vaults:3 | Reached skill level 24 in Long Blades
 48897 | Vaults:3 | Received a gift from Okawaru
 50295 | Vaults:4 | Received a gift from Okawaru
 50637 | Vaults:4 | Noticed Mennas
 50666 | Vaults:4 | Mangled by Mennas

Action                   |  1- 3 |  4- 6 |  7- 9 | 10-12 | 13-15 | 16-18 | 19-21 || total
-------------------------+-------+-------+-------+-------+-------+-------+-------++-------
Melee: Long sword        |   111 |   236 |   334 |   121 |       |       |       ||   802
       Falchion          |       |       |   103 |   189 |       |       |       ||   292
       Bastard sword     |       |       |       |   457 |   624 |       |       ||  1081
       Scimitar          |       |       |       |       |   805 |  1591 |  1396 ||  3792
       Claymore          |       |       |       |       |       |       |    32 ||    32
Invok: Heroism           |       |       |       |     4 |    10 |    16 |    11 ||    41
 Abil: Dig               |       |       |       |       |     1 |     1 |       ||     2
Evoke: Wand              |       |       |     2 |    13 |     8 |    13 |     1 ||    37
       Stone of tremors  |       |       |       |     1 |       |       |       ||     1
  Use: Scroll            |     4 |     6 |     7 |    19 |     8 |    14 |    18 ||    76
       Potion            |       |     1 |     2 |     1 |     2 |     2 |    17 ||    25
 Stab: Petrified         |       |       |       |       |     1 |       |       ||     1
       Invisible         |       |       |       |       |       |       |     2 ||     2
